 Dungeon Crawl Stone Soup version 0.29-a0-378-gc08b2e8bf8 (webtiles) character file.

Game seed: 8820935005679589848

296 ryw the Skirmisher (level 6, -4/53 HPs)
             Began as a Demonspawn Monk on May 5, 2022.
             Slain by Crazy Yiuf
             ... wielding a +2 quarterstaff of chaos
              (19 damage)
             ... on level 3 of the Dungeon.
             The game lasted 00:06:52 (3871 turns).

ryw the Skirmisher (Demonspawn Monk)                Turns: 3871, Time: 00:06:53

Health: -4/53      AC:  6    Str: 17    XL:     6   Next: 12%
Magic:  5/6        EV: 12    Int: 20    God:
Gold:   154        SH:  5    Dex: 15    Spells: 4/5 levels left

rFire   . . .      SeeInvis .     - Unarmed
rCold   x . .      Faith    .   e - +2 buckler
rNeg    . . .      Spirit   .   r - +3 robe of Agnosticism {rC- rCorr Str+3 Int+3}
rPois   .          Reflect  .   (helmet currently unavailable)
rElec   .          Harm     .   (no cloak)
rCorr   +          Rampage  .   h - +0 pair of gloves
Will    .....                   (boots currently unavailable)
Stlth   ++........              (no amulet)
HPRegen 0.17/turn               l - +6 ring of intelligence
MPRegen 0.10/turn               (no ring)

@: appendages (expiring)
A: horns 2, talons 2, powered by death 1, spiny 1, demonic touch 1
a: End Transformation


You were on level 3 of the Dungeon.
You had temporarily grown beastly horns and talons.
You visited 1 branch of the dungeon, and saw 3 of its levels.

You collected 154 gold pieces.

Inventory:

Missiles
 a - 5 boomerangs (quivered)
Armour
 d - a +0 scale mail
 e - a +2 buckler (worn)
 h - a +0 pair of gloves (worn)
 r - the +3 robe of Agnosticism (worn) {rC- rCorr Str+3 Int+3}
   (You found it on level 3 of the Dungeon)

   Str:       It affects your strength (+3).
   Int:       It affects your intelligence (+3).
   rC:        It makes you vulnerable to cold.
   rCorr:     It protects you from acid and corrosion.
Jewellery
 l - a +6 ring of intelligence (left hand)
Wands
 n - a wand of flame (11)
Scrolls
 c - a scroll of identify
 i - a scroll of brand weapon {unknown}
 j - 2 scrolls of amnesia {unknown}
 m - a scroll of fear {unknown}
 o - a scroll of enchant weapon {unknown}
 p - a scroll of teleportation {unknown}
 q - a scroll of fog {unknown}
Potions
 b - a potion of ambrosia
 f - a potion of attraction
 g - a potion of mutation
 k - a potion of curing


   Skills:
 + Level 6.9 Fighting
 - Level 0.1 Throwing
 - Level 0.2 Armour
 - Level 2.6 Dodging
 - Level 1.7 Stealth
 - Level 2.6 Unarmed Combat


You had 4 spell levels left.
You knew the following spells:

 Your Spells              Type           Power      Damage    Failure   Level
a - Beastly Appendage     Tmut           0%         N/A       26%         1

Your spell library contained the following spells:

 Spells                   Type           Power      Damage    Failure   Level
 Sublimation of Blood     Necr           0%         N/A       36%         2
 Wereblood                Tmut           0%         N/A       36%         2
 Spider Form              Tmut/Pois      0%         N/A       61%         3
 Summon Hydra             Summ           0%         N/A       100%        7


Dungeon Overview and Level Annotations

Branches:
Dungeon (3/15)

Altars:

Shops:
D:2 (

Annotations:
D:3 Crazy Yiuf


Innate Abilities, Weirdness & Mutations

You have temporarily grown beastly horns and talons.
You regenerate a little health from kills.
You are partially covered in sharp spines.
Your touch may inflict minor irresistible damage on your foes.


Message History

You now have 154 gold pieces (gained 4).
Found a mace.
No target in view!
Found two maces.
As you read the scroll labelled QESUIN BAGGIJO, it crumbles to dust.
It is a scroll of identify.
f - a potion of attraction
As you read the scroll of identify, it crumbles to dust.
g - a potion of mutation You see here a +0 mace.
Found seven maces.
Found a runed translucent door.
You see here a +0 mace.
Found a mace.
You see here a +0 mace.
You see here a +0 mace.
Found three maces.
You see here a +0 mace.
Casting: Beastly Appendage (safe; 26% risk of failure)
Confirm with . or Enter, or press ? or * to list all spells.
You grow a pair of large bovine horns.
Your feet morph into talons.
You open the door. You closely miss Crazy Yiuf. Your kick misses Crazy Yiuf.
You headbutt Crazy Yiuf.
Crazy Yiuf is lightly wounded.
Crazy Yiuf hits you with a +2 quarterstaff of chaos!
You hit Crazy Yiuf.
Crazy Yiuf is lightly wounded.
Crazy Yiuf laughs, "Line rumpyflump down!"
Crazy Yiuf misses you.
You hit Crazy Yiuf but do no damage. Your kick misses Crazy Yiuf.
Crazy Yiuf is lightly wounded.
Crazy Yiuf is struck by your spines.
Crazy Yiuf hits you with a +2 quarterstaff of chaos.
You convulse.
You closely miss Crazy Yiuf. Your kick misses Crazy Yiuf.
Crazy Yiuf is moderately wounded.
Crazy Yiuf hits you with a +2 quarterstaff of chaos!
* * * LOW HITPOINT WARNING * * *
You are electrocuted!!
You die...

#.##.##.##.##.#############
#.##.......##......#
#.##.##.#####.####.# ###
#.####### ### ########..
#># #........ #.#
♣♣♣♣♣##..###### #.# ###
♣♣♣)♣)..##.# #.#
#)))#♣))♣)......# #.##
#.))g@♣♣♣♣......# #<.#
#)))#♣♣ ♣♣..#.## #### ###
♣♣####


You could see Crazy Yiuf.

Vanquished Creatures
  A hound (D:3)
  3 orc priests
  Terence (D:3)
  An orc wizard (D:2)
  5 adders
  A dart slug (D:3)
  5 orcs
  5 endoplasms
  5 giant cockroaches
  5 goblins
  6 hobgoblins
  9 jackals (D:2)
  5 kobolds
  3 quokkas
  8 ball pythons
  3 bats (D:1)
  2 frilled lizards (D:3)
  2 rats
70 creatures vanquished.

Notes
Turn   | Place    | Note
-------+----------+-------------------------------------------
     0 | D:1      | ryw the Demonspawn Monk began the quest for the Orb.
     0 | D:1      | Reached XP level 1. HP: 18/18 MP: 1/1
   502 | D:1      | Gained mutation: You regenerate a little health from kills.
                  | [demonic ancestry]
   502 | D:1      | Reached XP level 2. HP: 22/24 MP: 2/2
  1572 | D:2      | Found Petuipol's Antique Weapon Emporium.
  1628 | D:2      | Reached skill level 4 in Fighting
  1731 | D:2      | Reached XP level 3. HP: 30/30 MP: 3/3
  2216 | D:2      | Gained mutation: Your touch may inflict minor irresistible
                  | damage on your foes. [demonic ancestry]
  2216 | D:2      | Reached XP level 4. HP: 27/38 MP: 4/4
  2238 | D:2      | Found a faded altar of an unknown god.
  2504 | D:2      | Reached skill level 5 in Fighting
  2997 | D:2      | Gained mutation: You are partially covered in sharp spines.
                  | [demonic ancestry]
  2997 | D:2      | Reached XP level 5. HP: 45/46 MP: 5/5
  3289 | D:3      | Identified the +3 robe of Agnosticism {rC- rCorr Str+3
                  | Int+3}
  3304 | D:3      | Learned a level 1 spell: Beastly Appendage
  3333 | D:3      | Reached skill level 6 in Fighting
  3363 | D:3      | HP: 1/46 [orc priest/divine providence (16)]
  3381 | D:3      | Noticed Terence
  3400 | D:3      | Killed Terence
  3401 | D:3      | Reached XP level 6. HP: 20/53 MP: 3/6
  3862 | D:3      | Found a runed translucent door.
  3863 | D:3      | Noticed Crazy Yiuf
  3871 | D:3      | Slain by Crazy Yiuf

Illustrated notes

Levels and vault maps discovered:
D:1:      dreamdust_arrival_sigmund_warning, layout_loops_ring,
          minmay_hedge_maze, kennysheep_another_room
D:2:      layout_loops_corners, nicolae_ecumenical_snake_handling, serial_shops,
          shop_fountains
D:3:      layout_loops_ring, grunt_temple_overflow_open,
          uniq_crazy_yiuf_cottage, uniq_terence

Skill      XL: |  1  2  3  4  5 |
---------------+----------------+-----
Fighting       | 4 5 6 |  6.9
Throwing       | |  0.1
Armour         | |  0.2
Dodging        | |  2.6
Stealth        | |  1.7
Unarmed Combat | |  2.6

Action                   |  1- 3 |  4- 6 || total
-------------------------+-------+-------++-------
Melee: Unarmed           |   208 |   131 ||   339
       Punch             |     1 |       ||     1
       Kick              |       |     5 ||     5
       Headbutt          |       |     5 ||     5
Throw: Boomerang         |     3 |     1 ||     4
 Cast: Beastly Appendage |       |     4 ||     4
  Use: Potion            |       |     2 ||     2
       Scroll            |       |     2 ||     2
 Stab: Sleeping          |     1 |       ||     1
Armor: Scale mail        |    98 |    35 ||   133
       Robe              |     5 |     4 ||     9
Dodge: Dodged            |   101 |    48 ||   149
Block: Buckler           |    33 |    17 ||    50

Table legend: (Time is in decaauts)
 A = Elapsed time spent in this place.
 B = Non-inter-level travel time spent in this place.
 C = Inter-level travel time spent in this place.
 D = Time resting spent in this place.
 E = Time spent auto-exploring this place.
 F = Levels seen in this place.
 G = Mean time per level.
                   A        B        C        D        E       F      G
               +--------+--------+--------+--------+--------+-----+--------+
         Total |   3873 |   3768 |    105 |    483 |   2598 |   3 | 1291.0 |
       Dungeon |   3873 |   3768 |    105 |    483 |   2598 |   3 | 1291.0 |
               +--------+--------+--------+--------+--------+-----+--------+

Top non-repeatable levels by time:
     D:2: 1526 daAuts
     D:1: 1467 daAuts
     D:3: 880 daAuts
